 Dungeon Crawl Stone Soup version 0.30-b1-2-g02819fbbbe (webtiles) character file.

Game seed: 462523065283362276

981 Barriton the Destroyer (level 7, -7/56 HPs)
             Began as a Pale Draconian Conjurer on May 9, 2023.
             Mangled by a wight
             ... wielding a +3 battleaxe
              (11 damage)
             ... on level 4 of the Dungeon.
             The game lasted 00:07:48 (5189 turns).

Barriton the Destroyer (Pale Draconian Conjurer)    Turns: 5189, Time: 00:07:48

Health: -7/56      AC:  6    Str: 10    XL:     7   Next: 96%
Magic:  0/13       EV: 12    Int: 22    God:
Gold:   191        SH:  0    Dex:  9    Spells: 11/14 levels left

rFire   + . .        i - +4 great sword of Accord {heavy, Int+2}
rCold   . . .        (shield currently unavailable)
rNeg    . . .        (body armour unavailable)
rPois   .            (helmet restricted)
rElec   .            (no cloak)
rCorr   .            (no gloves)
SInv    +            (no boots)
Will    .....        l - amulet of guardian spirit
Stlth   ++           d - ring of see invisible
HPRegen 0.29/turn    q - ring of protection from fire
MPRegen 0.13/turn

%: guardian spirit
@: no status effects
A: breathe steam, AC +6, unfitting armour, cold-blooded, steam resistance
a: Breathe Steam


You were on level 4 of the Dungeon.
You visited 1 branch of the dungeon, and saw 6 of its levels.

You collected 191 gold pieces.

Inventory:

Hand Weapons
 f - a +1 heavy spear
 i - the +4 great sword of Accord (weapon) {heavy, Int+2}
   (You found it on level 6 of the Dungeon)

   Int:       It affects your intelligence (+2).
Missiles
 m - a throwing net
Jewellery
 d - a ring of see invisible (left hand)
 l - an amulet of guardian spirit (around neck)
 q - a ring of protection from fire (right hand)
Scrolls
 a - 2 scrolls of teleportation {unknown}
 k - a scroll of enchant armour {unknown}
 n - a scroll of identify
 o - a scroll of blinking {unknown}
Potions
 b - a potion of curing
 c - 3 potions of ambrosia {unknown}
 e - a potion of flight
 g - a potion of resistance {unknown}
 h - 2 potions of lignification {unknown}
 j - a potion of haste {unknown}
 p - a potion of mutation {unknown}


   Skills:
 + Level 2.4 Fighting
 + Level 1.3 Long Blades
 + Level 3.1 Dodging
 - Level 2.1 Stealth
 + Level 4.1 Spellcasting
 * Level 8.1 Conjurations


You had 11 spell levels left.
You knew the following spells:

 Your Spells              Type           Power      Damage    Failure   Level
a - Magic Dart            Conj           100%       1d8       1%          1
b - Searing Ray           Conj           80%        2d7       1%          2

Your spell library contained the following spells:

 Spells                   Type           Power      Damage    Failure   Level
 Dazzling Flash           Conj/Hex       44%        N/A       6%          3
 Fulminant Prism          Conj/Hex       11%        3d8       21%         4
 Iskenderun's Mystic Bla  Conj/Tloc      22%        2d6       21%         4


Dungeon Overview and Level Annotations

Branches:
Dungeon (6/15)
 Temple: D:4-7

Altars:
Cheibriados
Trog

Annotations:
D:6 1 runed translucent door, Vorhees's ghost, novice DjCj


Innate Abilities, Weirdness & Mutations

You can breathe blasts of scalding, opaque steam.
Your pale cyan-grey scales are hard. (AC +6)
You cannot fit into any form of body armour.
You are cold-blooded and may be slowed by cold attacks.
You are immune to the effects of steam.


Message History

Press: ? - help, Shift-Dir - straight line, f/p - wight
Aim: a wight, wielding a +3 scimitar and wearing a +0 robe (severely damaged, 81% to hit)
The searing ray hits the wight!
The wight is almost destroyed.
The searing ray hits the wight.
The wight is almost destroyed.
The searing ray misses the wight. (Press . to maintain the ray.)
The wight hits you from afar with a +1 trident.
You feel drained.
The wight hits you with a +3 short sword.
You feel drained.
The searing ray hits the wight.
You destroy the wight!
The searing ray hits the wight.
You destroy the wight!
The searing ray hits the wight.
The wight is almost destroyed.
Your life force feels restored.
Your Long Blades skill increases to level 1!
Your Dodging skill increases to level 3!
Your Conjurations skill increases to level 8!
The searing ray hits the wight.
You destroy the wight!
Things that are here:
a +3 short sword; a +0 robe You now have 191 gold pieces (gained 7).
Items here: )) [[.
A wight is nearby!
You closely miss the wight. The wight barely misses you.
The wight hits you with a +3 battleaxe! The wight hits you with a +3 battleaxe.
You barely miss the wight.
You tail-slap the wight, but do no damage.
The wight hits you with a +3 battleaxe!
* * * LOW HITPOINT WARNING * * *
The wight barely misses you.
You barely miss the wight. The wight hits you with a +3 battleaxe.
* * * LOW HITPOINT WARNING * * *
The wight hits you with a +3 battleaxe!
You die...

... ..# ..##.# #.#.# #..#
#.############
#............# .
##.##########.# ...
##.###########.##
.....###@...)).........#
.......z#############..##
.........................
......###############..##
#.###. #..# # # #..#
#..## ##.... #.....


You could see a wight.

Vanquished Creatures
  A black bear (D:3)
  2 ice beasts
  A phantom (D:5)
  3 wights (D:4)
  An orc priest (D:3)
  2 gnoll boudas
  A sleepcap (D:3)
  3 orc wizards
  Robin (D:4)
  5 adders
  11 gnolls
  A shadow imp (D:6)
  An ufetubus (D:6)
  4 worms
  4 dart slugs
  14 orcs
  8 bats
  A giant cockroach (D:4)
  17 goblins
  8 hobgoblins
  2 jackals (D:4)
  6 kobolds
  6 ball pythons
  4 frilled lizards
  5 rats
112 creatures vanquished.

Notes
Turn   | Place    | Note
-------+----------+-------------------------------------------
     0 | D:1      | Barriton the Draconian Conjurer began the quest for the
                  | Orb.
     0 | D:1      | Reached XP level 1. HP: 14/14 MP: 3/3
   403 | D:1      | Reached XP level 2. HP: 20/20 MP: 1/5
   454 | D:1      | Learned a level 2 spell: Searing Ray
  1434 | D:2      | Reached skill level 5 in Conjurations
  1434 | D:2      | Reached XP level 3. HP: 26/26 MP: 1/6
  1704 | D:2      | Reached XP level 4. HP: 24/33 MP: 2/7
  2887 | D:3      | Found a faded altar of an unknown god.
  2930 | D:3      | Reached XP level 5. HP: 13/38 MP: 0/8
  3145 | D:3      | Noticed a black bear
  3155 | D:3      | Killed a black bear
  3156 | D:3      | Reached skill level 6 in Conjurations
  3354 | D:3      | Reached XP level 6. HP: 44/46 MP: 2/10
  3566 | D:3      | You fall into a shaft and drop 3 floors!
  3697 | D:6      | Found a runed translucent door.
  3697 | D:6      | Noticed Vorhees's ghost (novice DjCj)
  3783 | D:6      | Noticed an ice beast
  3806 | D:6      | Identified the +4 great sword of Accord {heavy, Int+2}
  3856 | D:6      | HP: 1/46 [ice beast (14)]
  3857 | D:6      | Killed an ice beast
  3858 | D:6      | Reached skill level 1 in Fighting
  3858 | D:6      | Reached skill level 7 in Conjurations
  4209 | D:5      | Entered Level 5 of the Dungeon
  4411 | D:5      | Your scales start taking on a pale cyan-grey colour.
  4411 | D:5      | Reached XP level 7. HP: 49/52 MP: 2/12
  4411 | D:5      | Gained mutation: You are immune to the effects of steam.
                  | [Pale Draconian growth]
  4502 | D:5      | Found a snail-covered altar of Cheibriados.
  4502 | D:5      | Found a bloodstained altar of Trog.
  4727 | D:4      | Noticed Robin
  4730 | D:4      | Killed Robin
  4754 | D:4      | HP: 2/55 [goblin/+0 club[Robin] (2)]
  5173 | D:4      | Reached skill level 1 in Long Blades
  5173 | D:4      | Reached skill level 8 in Conjurations
  5189 | D:4      | Mangled by a wight

Illustrated notes

Levels and vault maps discovered:
D:1:      dpeg_arrival_solitude, layout_basic, supply_closet_lemuel,
          serial_bayou_crossing
D:2:      layout_basic, nrook_campfire, minmay_pentomino_q4
D:3:      layout_basic, hellmonk_ecumenical_altar_heavens_door
D:4:      layout_loops_ring, kennysheep_little_box, uniq_robin
D:5:      layout_gridville, gammafunk_temple_overflow_pools,
          nicolae_underground_beach, uniq_blork_the_orc
D:6:      minmay_chambers_of_fours, layout_loops_ring, general_overflow_altar,
          hellmonk_ghost_happy_afterlife, nicolae_eternal_life, sigmund_army

Skill      XL: |  1  2  3  4  5  6  7 |
---------------+----------------------+-----
Stealth        | 2 |  2.1
Dodging        | 2 3 |  3.1
Conjurations   | 5 6 7 8 |  8.1
Spellcasting   | 3 4 |  4.1
Fighting       | 1 2 |  2.4
Long Blades    | 1 |  1.3

Action                     |  1- 3 |  4- 6 |  7- 9 || total
---------------------------+-------+-------+-------++-------
  Melee: Unarmed           |     2 |    44 |       ||    46
         Tailslap          |       |     6 |     3 ||     9
         Punch             |       |     1 |       ||     1
         Great sword       |       |       |    23 ||    23
   Cast: Magic Dart        |    46 |    88 |    25 ||   159
         Searing Ray       |     1 |    15 |     6 ||    22
    Use: Scroll            |     3 |     3 |       ||     6
         Potion            |       |     2 |     1 ||     3
 Armour: Skin              |     1 |    32 |    42 ||    75
  Dodge: Dodged            |     4 |    65 |    78 ||   147
